[Event "ICC tourney 2532 (25 5)"]
[Site "Internet Chess Club"]
[Date "2021.04.25"]
[Round "6"]
[White "WANG, LUKE:K12-14250470"]
[Black "BHALOO, ADAM:K12-15234397"]
[Result "0-1"]
[ICCResult "White checkmated"]
[WhiteElo "2016"]
[BlackElo "899"]
[Opening "English: Caro-Kann defensive system"]
[ECO "A11"]
[NIC "RE.06"]
[Time "13:01:42"]
[PlyCount "150"]
[TimeControl "1500+5"]

1. c4 c6 2. g3 d5 3. Bg2 Nf6 4. Nf3 Bf5 5. cxd5 cxd5 6. Qb3 e6 7. Qxb7 Nbd7
8. O-O Nc5 9. Qb5+ Qd7 10. Qxd7+ Nfxd7 11. Nc3 Rb8 12. b3 Bd6 13. Bb2 O-O
14. Rac1 Ne4 15. Nxe4 Bxe4 16. d3 Bf5 17. Nh4 Bg4 18. Bf3 Bxf3 19. Nxf3 e5
20. Rc6 Rb6 21. Rxb6 axb6 22. a3 Rc8 23. Rc1 Rxc1+ 24. Bxc1 d4 25. b4 f6
26. e3 dxe3 27. fxe3 h5 28. Kf2 g5 29. Nd2 g4 30. Nc4 Bc7 31. d4 b5 32. Nd2
exd4 33. exd4 Nb6 34. Ne4 Nd5 35. Bd2 f5 36. Nc3 Nxc3 37. Bxc3 f4 38. gxf4
Bxf4 39. Kg2 Kg7 40. Be1 Bc1 41. d5 Kf7 42. Kg3 Bxa3 43. d6 Bc1 44. Bf2 Bg5
45. Bc5 Kf6 46. h4 gxh3 47. Kxh3 Ke5 48. Kg3 h4+ 49. Kg4 Bd8 50. Kh3 Kd5
51. Kg4 Kc6 52. Kh3 Bb6 53. Bxb6 Kxb6 54. Kxh4 Kc6 55. Kg4 Kxd6 56. Kf4 Kd5
57. Ke3 Kc4 58. Kd2 Kxb4 59. Kc1 Ka3 60. Kc2 b4 61. Kb1 Kb3 62. Ka1 Kc3 63.
Kb1 Kb3 64. Ka1 Kc2 65. Ka2 b3+ 66. Ka3 b2 67. Kb4 b1=Q+ 68. Kc4 Qd1 69.
Kb4 Qd4+ 70. Ka3 Qb2+ 71. Ka4 Kc3 72. Ka5 Kc4 73. Ka6 Kc5 74. Ka7 Kc6 75.
Ka8 Qb7# { White checkmated } 0-1

[Event "ICC tourney 2532 (25 5)"]
[Site "Internet Chess Club"]
[Date "2021.04.25"]
[Round "6"]
[White "VILLASENOR, ERIK:K12-14984325"]
[Black "ANAND, SANJEEV:K12-14436451"]
[Result "1-0"]
[ICCResult "Black checkmated"]
[WhiteElo "851"]
[BlackElo "1753"]
[Opening "Queen's pawn game"]
[ECO "D00"]
[NIC "QP.08"]
[Time "13:00:37"]
[PlyCount "57"]
[TimeControl "1500+5"]

1. d4 d5 2. e3 c5 3. h3 Nc6 4. Nf3 e6 5. Bb5 Qa5+ 6. Nc3 Bd7 7. Bd2 Qc7 8.
b3 a6 9. Bxc6 Bxc6 10. O-O Bd6 11. Ne2 Nf6 12. dxc5 Bxc5 13. Bc3 Qe7 14.
Ne5 Ne4 15. Bd4 Rc8 16. c4 dxc4 17. Qc2 cxb3 18. axb3 Bxd4 19. Nxd4 Nf6 20.
Nexc6 bxc6 21. Rxa6 c5 22. Nc6 Qb7 23. Qxc5 Rc7 24. Rfa1 Ne4 25. Ra8+ Kd7
26. Rd8+ Rxd8 27. Rd1+ Nd6 28. Qxd6+ Ke8 29. Qxd8# { Black checkmated } 1-0

[Event "ICC tourney 2532 (25 5)"]
[Site "Internet Chess Club"]
[Date "2021.04.25"]
[Round "6"]
[White "LEE, RYAN:K12-15137336"]
[Black "GARZA, AARON:K12-15086083"]
[Result "1-0"]
[ICCResult "Black resigns"]
[WhiteElo "1911"]
[BlackElo "970"]
[Opening "Queen's gambit declined"]
[ECO "D30"]
[NIC "QP.08"]
[Time "13:00:50"]
[PlyCount "59"]
[TimeControl "1500+5"]

1. d4 d5 2. c4 e6 3. Nf3 Nf6 4. g3 Nbd7 5. Bg2 c6 6. O-O dxc4 7. Qc2 b5 8.
a4 a6 9. b3 Nb6 10. a5 Nbd7 11. bxc4 bxc4 12. Qxc4 c5 13. Ne5 Nxe5 14. dxe5
Nd5 15. Rd1 Bb7 16. e4 Be7 17. exd5 exd5 18. Bxd5 Bxd5 19. Rxd5 Qc7 20.
Qa4+ Kf8 21. Bf4 g5 22. Be3 c4 23. Bb6 Qc8 24. Nc3 f5 25. Rad1 Kf7 26. Rd7
f4 27. Rc7 Qh3 28. Qxc4+ Kg6 29. Rxe7 fxg3 30. Qf7+ { Black resigns } 1-0

[Event "ICC tourney 2532 (25 5)"]
[Site "Internet Chess Club"]
[Date "2021.04.25"]
[Round "6"]
[White "MATTHEW PUDOL CALAUNAN, ANGELO:K12-17270737"]
[Black "GINZBURG, LIORA:K12-16587703"]
[Result "0-1"]
[ICCResult "White checkmated"]
[WhiteElo "879"]
[BlackElo "1523"]
[Opening "Two knights defense"]
[ECO "C59"]
[NIC "KP.01"]
[Time "13:01:22"]
[PlyCount "140"]
[TimeControl "1500+5"]

1. e4 e5 2. Nf3 Nc6 3. Bc4 Nf6 4. Ng5 d5 5. exd5 Na5 6. Bb5+ c6 7. dxc6
bxc6 8. Be2 h6 9. Nf3 e4 10. Nh4 g5 11. d3 gxh4 12. O-O h3 13. g3 Rg8 14.
Nc3 exd3 15. Bxd3 h5 16. Re1+ Be6 17. Bf5 Qxd1 18. Nxd1 O-O-O 19. Bxe6+
fxe6 20. Bf4 Nd5 21. Re5 Bd6 22. Rxh5 Bxf4 23. Rxh3 Nc4 24. c3 Nd2 25. Kh1
Bc7 26. Rh6 Rde8 27. a3 Rh8 28. Rxh8 Rxh8 29. Rc1 Nf3 30. h4 Nf6 31. Kg2
Ne5 32. Rc2 Rd8 33. Ne3 Nd3 34. Re2 Nh5 35. Kg1 Bb6 36. Kh2 Rf8 37. Nc4
Bxf2 38. Nd6+ Kc7 39. Ne4 Bb6 40. Kg2 Ndf4+ 41. gxf4 Nxf4+ 42. Kf1 Nxe2+
43. Kxe2 Rh8 44. b4 Rxh4 45. Kd3 Rh3+ 46. Kc2 Re3 47. Nd2 Re2 48. a4 Be3
49. Kd3 Rxd2+ 50. Kxe3 Ra2 51. a5 c5 52. bxc5 Rxa5 53. Kd4 Kc6 54. Ke5
Rxc5+ 55. Kd4 e5+ 56. Kd3 a5 57. Kc2 a4 58. Kb2 e4 59. Kc2 e3 60. Kd3 a3
61. Kxe3 a2 62. c4 a1=Q 63. Kd2 Qb2+ 64. Kd3 Qb3+ 65. Ke4 Rxc4+ 66. Kf5
Rc5+ 67. Kf6 Qb6 68. Kg7 Kb5 69. Kh8 Rc7 70. Kg8 Qb8# { White checkmated }
0-1

[Event "ICC tourney 2532 (25 5)"]
[Site "Internet Chess Club"]
[Date "2021.04.25"]
[Round "6"]
[White "CLASBY, DEREK:K12-15194211"]
[Black "SU, KENNETH:K12-15191452"]
[Result "1-0"]
[ICCResult "Black resigns"]
[WhiteElo "2286"]
[BlackElo "2160"]
[Opening "Vienna game, Max Lange defense"]
[ECO "B00"]
[NIC "VO.04"]
[Time "13:01:22"]
[PlyCount "77"]
[TimeControl "1500+5"]

1. e4 Nc6 2. Nc3 e5 3. Bc4 Bc5 4. Qg4 g6 5. Qf3 f6 6. Nge2 Na5 7. Bxg8 Rxg8
8. Nd5 Be7 9. O-O c6 10. Nxe7 Qxe7 11. d4 b6 12. b3 d6 13. Ba3 Ba6 14. c4
O-O-O 15. d5 c5 16. Bc1 Rdf8 17. Bd2 Nb7 18. a4 Na5 19. Bxa5 bxa5 20. Qc3
Qc7 21. f4 Kb8 22. Rf2 Bc8 23. Raf1 Rd8 24. fxe5 fxe5 25. Rf6 Rg7 26. Qe3
a6 27. h3 Ka7 28. Qg5 Rdd7 29. Rf8 Bb7 30. Qf6 Qb6 31. Rf3 Qb4 32. Kh2 Qe1
33. Ng3 Rge7 34. Rh8 Qb4 35. Qf8 Kb6 36. Qb8 Rc7 37. Rf6 Red7 38. Rd8 Qxb3
39. Rxd6+ { Black resigns } 1-0

[Event "ICC tourney 2532 (25 5)"]
[Site "Internet Chess Club"]
[Date "2021.04.25"]
[Round "6"]
[White "BUKLIS, JOSEPH:K12-14880942"]
[Black "MENG, MICHAEL:K12-15693368"]
[Result "0-1"]
[ICCResult "White resigns"]
[WhiteElo "1494"]
[BlackElo "728"]
[Opening "Scandinavian (center counter) defense"]
[ECO "B01"]
[NIC "SD.01"]
[Time "13:00:55"]
[PlyCount "92"]
[TimeControl "1500+5"]

1. e4 d5 2. exd5 Qxd5 3. Nc3 Qa5 4. d4 c6 5. Nf3 Bf5 6. Bd3 Bxd3 7. Qxd3
Qa6 8. Qxa6 Nxa6 9. Bf4 e6 10. O-O-O Nb4 11. Rhe1 Nf6 12. h3 Nbd5 13. Nxd5
Nxd5 14. Be5 b5 15. Nd2 a5 16. Ne4 a4 17. Nd6+ Bxd6 18. Bxd6 Kd7 19. Bc5 h6
20. g3 g5 21. Rd3 h5 22. Kd2 f5 23. b3 axb3 24. axb3 Ra2 25. Re5 g4 26. h4
Rha8 27. Rxd5+ cxd5 28. b4 f4 29. gxf4 R2a3 30. Re3 Rxe3 31. Kxe3 Ra3+ 32.
Ke2 Rf3 33. Ba7 Rxf4 34. c3 Rf3 35. Bb8 Rxc3 36. Kd2 Rc4 37. Kd3 Rxb4 38.
Ke3 Rc4 39. Ba7 b4 40. Bc5 b3 41. Ba3 Kc6 42. Bb2 Kd7 43. Kd3 Ke7 44. Ba3+
Kf6 45. Bd6 b2 46. Be5+ Ke7 { White resigns } 0-1

[Event "ICC tourney 2532 (25 5)"]
[Site "Internet Chess Club"]
[Date "2021.04.25"]
[Round "6"]
[White "LJ CHEN, BENJAMIN:K12-14811886"]
[Black "WOLFSON, BRIAN:K12-14879271"]
[Result "1-0"]
[ICCResult "Black resigns"]
[WhiteElo "2192"]
[BlackElo "1838"]
[Opening "Grünfeld: Stockholm variation"]
[ECO "D80"]
[NIC "GI.03"]
[Time "13:00:29"]
[PlyCount "73"]
[TimeControl "1500+5"]

1. d4 Nf6 2. c4 g6 3. Nc3 d5 4. Bg5 Ne4 5. Bf4 Nxc3 6. bxc3 Bg7 7. e3 O-O
8. Nf3 c5 9. cxd5 Qxd5 10. Be2 Nc6 11. O-O Bf5 12. c4 Qd7 13. d5 Bxa1 14.
Qxa1 Nb4 15. Bh6 f6 16. a3 Na6 17. Nd2 g5 18. e4 Bg6 19. h4 gxh4 20. f4 Qe8
21. f5 Bh5 22. Bd3 h3 23. e5 Qf7 24. e6 Qe8 25. Rf2 Kh8 26. Ne4 Rd8 27. d6
Rxd6 28. Nxd6 exd6 29. Bxf8 Qxf8 30. gxh3 Be8 31. Be4 Bc6 32. Bxc6 bxc6 33.
Qb2 Qe7 34. Rg2 d5 35. Qc3 d4 36. Qg3 Qf8 37. e7 { Black resigns } 1-0

[Event "ICC tourney 2532 (25 5)"]
[Site "Internet Chess Club"]
[Date "2021.04.25"]
[Round "6"]
[White "K SANFORD, HARRISON:K12-14321340"]
[Black "MARCELIA, DAVID:K12-17209595"]
[Result "1-0"]
[ICCResult "Black checkmated"]
[WhiteElo "2005"]
[BlackElo "1374"]
[Opening "Caro-Kann defense"]
[ECO "B15"]
[NIC "CK.05"]
[Time "13:00:56"]
[PlyCount "95"]
[TimeControl "1500+5"]

1. e4 c6 2. d4 d5 3. Nc3 dxe4 4. Nxe4 e6 5. Nf3 c5 6. Bb5+ Nc6 7. O-O cxd4
8. Nxd4 Bd7 9. Bxc6 bxc6 10. Qf3 e5 11. Re1 Be7 12. Nf5 Bxf5 13. Qxf5 Nf6
14. Qxe5 O-O 15. Bg5 Nd5 16. Bxe7 Nxe7 17. Rad1 Ng6 18. Rxd8 Nxe5 19. Rxa8
Rxa8 20. Nc5 Rd8 21. Kf1 f5 22. Rxe5 f4 23. Nd3 f3 24. gxf3 Rf8 25. Kg2 Rb8
26. Rc5 Rc8 27. b4 a6 28. a4 Kf8 29. b5 axb5 30. axb5 Ke7 31. bxc6 Kd6 32.
c7 Rxc7 33. Rxc7 Kxc7 34. f4 Kd6 35. Kf3 g6 36. Ke4 Ke6 37. c4 Kd6 38. c5+
Ke6 39. c6 Kd6 40. Ne5 g5 41. fxg5 h5 42. g6 h4 43. g7 h3 44. g8=Q Ke7 45.
Qf7+ Kd6 46. c7 Kc5 47. c8=Q+ Kd6 48. Qfe6# { Black checkmated } 1-0

[Event "ICC tourney 2532 (25 5)"]
[Site "Internet Chess Club"]
[Date "2021.04.25"]
[Round "6"]
[White "ALBION ZHANG, NATHANIEL:K12-14885012"]
[Black "NOZAKI, MAO:K12-14766721"]
[Result "1-0"]
[ICCResult "Black checkmated"]
[WhiteElo "2150"]
[BlackElo "1715"]
[Opening "English: four knights, 4.e3"]
[ECO "A28"]
[NIC "EO.06"]
[Time "13:01:56"]
[PlyCount "61"]
[TimeControl "1500+5"]

1. c4 e5 2. Nc3 Nf6 3. Nf3 Nc6 4. e3 Be7 5. Qb3 O-O 6. Be2 Re8 7. O-O h6 8.
d4 exd4 9. exd4 Bb4 10. Bd3 Bxc3 11. bxc3 d6 12. h3 a5 13. a4 b6 14. Be3
Ba6 15. Rfd1 d5 16. cxd5 Qxd5 17. Qc2 Bxd3 18. Qxd3 Qe4 19. Qb5 Qd5 20. Bf4
Rac8 21. Re1 Na7 22. Qa6 Re4 23. Be5 Rxe1+ 24. Rxe1 Qa8 25. Bxf6 gxf6 26.
Nh4 Nc6 27. Qe2 Kf8 28. Qh5 Kg7 29. Nf5+ Kg8 30. Qg4+ Kh8 31. Qg7# { Black
checkmated } 1-0

[Event "ICC tourney 2532 (25 5)"]
[Site "Internet Chess Club"]
[Date "2021.04.25"]
[Round "6"]
[White "A SMITH, AMARI:K12-16859442"]
[Black "KANCHARLA, SRIKAR:K12-16969797"]
[Result "1-0"]
[ICCResult "Black checkmated"]
[WhiteElo "862"]
[BlackElo "592"]
[Opening "Four knights game"]
[ECO "C47"]
[NIC "KP.06"]
[Time "13:01:34"]
[PlyCount "145"]
[TimeControl "1500+5"]

1. e4 e5 2. Nf3 Nc6 3. Nc3 Nf6 4. d3 Bb4 5. Bd2 d6 6. Be2 Bg4 7. Nd5 Bxd2+
8. Qxd2 Nxd5 9. exd5 Nd4 10. Nxd4 Bxe2 11. Nxe2 O-O 12. O-O Re8 13. Ng3 c6
14. c4 h6 15. f4 Qb6+ 16. Kh1 f6 17. fxe5 dxe5 18. b3 cxd5 19. cxd5 Qd4 20.
Rac1 Qxd5 21. Qe3 b6 22. Nf5 g6 23. Qg3 g5 24. Rc7 Qe6 25. Nxh6+ Kf8 26.
Rf7+ Qxf7 27. Nxf7 Kxf7 28. Qf3 Re6 29. h3 Rc8 30. Qe4 Rh8 31. d4 exd4 32.
Qxd4 Rh4 33. Qd7+ Re7 34. Qd5+ Re6 35. Qxg5 Rhe4 36. Qd2 Kg6 37. Qd3 f5 38.
Qg3+ Kf6 39. h4 Re3 40. Qg5+ Kf7 41. Rxf5+ Ke8 42. Qg8+ Kd7 43. Rd5+ Kc6
44. Qd8 Re1+ 45. Kh2 Re7 46. Qd6+ Kb7 47. b4 R1e6 48. Qd8 Re8 49. Qd7+ Ka6
50. b5+ Ka5 51. Qxa7+ Kb4 52. Qd7 Ka3 53. Rd3+ Kxa2 54. Qd4 Re2 55. Rd2+
Rxd2 56. Qxd2+ Kb3 57. Qd5+ Kb4 58. Qc6 Rh8 59. Kh3 Rh5 60. Qxb6 Rh8 61.
Qd4+ Kxb5 62. Qxh8 Kc4 63. Qe5 Kb3 64. Qc7 Ka2 65. Kg3 Kb2 66. Kf3 Kb3 67.
Ke3 Kb4 68. Kd4 Kb5 69. Qc5+ Ka6 70. Qb4 Ka7 71. Kd5 Ka8 72. Kc6 Ka7 73.
Qb7# { Black checkmated } 1-0

[Event "ICC tourney 2532 (25 5)"]
[Site "Internet Chess Club"]
[Date "2021.04.25"]
[Round "6"]
[White "BAKER NAGAR, SIKANDER:K12-16973491"]
[Black "HAN, JACOB:K12-14896205"]
[Result "0-1"]
[ICCResult "White resigns"]
[WhiteElo "1383"]
[BlackElo "1905"]
[Opening "Vienna game"]
[ECO "C28"]
[NIC "VG.04"]
[Time "13:00:39"]
[PlyCount "116"]
[TimeControl "1500+5"]

1. e4 e5 2. Nc3 Nc6 3. Bc4 Nf6 4. d3 h6 5. f4 Bb4 6. Nf3 exf4 7. Bxf4 d5 8.
exd5 Nxd5 9. Qe2+ Be6 10. Bxd5 Qxd5 11. O-O Bxc3 12. bxc3 Qc5+ 13. Kh1 Qxc3
14. Bxc7 O-O 15. Rfb1 Rfe8 16. Qd2 Qf6 17. Rf1 Qe7 18. Bg3 Rac8 19. a3 b6
20. Rfe1 Qc5 21. Bf2 Qh5 22. Re4 Bd5 23. Rh4 Qf5 24. Rf4 Qh5 25. Rh4 Qg6
26. Rg1 Qf6 27. Rf4 Qe6 28. c4 Bxf3 29. Rxf3 Qe2 30. Qf4 f6 31. Rg3 Kh8 32.
Rf3 Ne5 33. Re3 Nxd3 34. Rxe2 Nxf4 35. Rxe8+ Rxe8 36. Bg3 Ne2 37. Rd1 Nxg3+
38. hxg3 Re7 39. Kg1 Kg8 40. Kf2 Kf7 41. Rd4 Ke6 42. Kf3 Rd7 43. Re4+ Kd6
44. Kf4 Kc5 45. Kf5 Rd3 46. g4 Rxa3 47. Kg6 Rc3 48. Re7 Rxc4 49. Rxa7 Rxg4+
50. Kf5 Rxg2 51. Rc7+ Kd6 52. Rb7 Kc6 53. Rb8 Rg5+ 54. Kf4 b5 55. Rc8+ Kb6
56. Rb8+ Ka5 57. Ra8+ Kb4 58. Rb8 Kb3 { White resigns } 0-1

[Event "ICC tourney 2532 (25 5)"]
[Site "Internet Chess Club"]
[Date "2021.04.25"]
[Round "6"]
[White "BYUNGHYUN KIM, BRIAN:K12-17019768"]
[Black "BITENG, KEITH:K12-15342436"]
[Result "1-0"]
[ICCResult "Black resigns"]
[WhiteElo "1691"]
[BlackElo "1343"]
[Opening "Caro-Kann: Panov-Botvinnik attack"]
[ECO "B13"]
[NIC "CK.02"]
[Time "13:00:59"]
[PlyCount "65"]
[TimeControl "1500+5"]

1. e4 c6 2. d4 d5 3. exd5 cxd5 4. c4 Nf6 5. Nf3 Bg4 6. Be2 e6 7. O-O Be7 8.
Nc3 Nc6 9. Be3 O-O 10. cxd5 Nxd5 11. Ne5 Nxe5 12. Bxg4 Nxe3 13. fxe3 Nc4
14. Qe2 Nb6 15. Bf3 Qd7 16. Rac1 Rac8 17. Rc2 Bg5 18. Rfc1 f5 19. b3 Rfe8
20. Rd1 Re7 21. e4 Rd8 22. a4 Qe8 23. g3 Nc8 24. h4 Bh6 25. Nb5 Qg6 26. Kh2
Qf7 27. Rxc8 Rxc8 28. Nd6 Qf8 29. Nxc8 Qxc8 30. exf5 Re8 31. fxe6 Rxe6 32.
Bd5 Kf7 33. Re1 { Black resigns } 1-0

[Event "ICC tourney 2532 (25 5)"]
[Site "Internet Chess Club"]
[Date "2021.04.25"]
[Round "6"]
[White "KUNG, THOMAS:K12-14583075"]
[Black "Z HUANG, KYLAN:K12-15496871"]
[Result "1-0"]
[ICCResult "Black resigns"]
[WhiteElo "2293"]
[BlackElo "1868"]
[Opening "Four knights: Ranken variation"]
[ECO "C48"]
[NIC "KP.03"]
[Time "13:00:21"]
[PlyCount "79"]
[TimeControl "1500+5"]

1. e4 e5 2. Nf3 Nc6 3. Nc3 Nf6 4. Bb5 a6 5. Bxc6 dxc6 6. Nxe5 Nxe4 7. Nxe4
Qd4 8. O-O Qxe5 9. Re1 Be6 10. d4 Qf5 11. Bg5 h6 12. Bh4 g5 13. Bg3 O-O-O
14. Be5 Rg8 15. Nf6 Rg7 16. g4 Qg6 17. c3 Kb8 18. Qf3 Be7 19. h3 Rc8 20.
Nd7+ Bxd7 21. Bxg7 Qxg7 22. Rxe7 Be6 23. Re1 Qg6 24. b3 Rh8 25. c4 h5 26.
d5 hxg4 27. hxg4 cxd5 28. cxd5 Bc8 29. Re8 Rxe8 30. Rxe8 Qb1+ 31. Kg2 Qg6
32. Qf5 Qxf5 33. gxf5 b5 34. Rf8 Kb7 35. Rxf7 Kb6 36. f6 a5 37. Re7 a4 38.
f7 axb3 39. axb3 c5 40. f8=Q { Black resigns } 1-0

[Event "ICC tourney 2532 (25 5)"]
[Site "Internet Chess Club"]
[Date "2021.04.25"]
[Round "6"]
[White "ALBOHN, JAKE:K12-16804594"]
[Black "M KOPP, PATRICK:K12-16363146"]
[Result "0-1"]
[ICCResult "White checkmated"]
[WhiteElo "808"]
[BlackElo "967"]
[Opening "Pirc defense"]
[ECO "B07"]
[NIC "PU.07"]
[Time "13:00:33"]
[PlyCount "164"]
[TimeControl "1500+5"]

1. e4 d6 2. d4 Nf6 3. Nc3 g6 4. Bd3 Bg7 5. Nge2 O-O 6. O-O Nbd7 7. Be3 e5
8. dxe5 dxe5 9. Qd2 c5 10. Na4 b6 11. Nac3 Bb7 12. f3 Qc7 13. Rad1 c4 14.
Nb5 Qc6 15. Bxc4 Qxc4 16. Nd6 Qc6 17. b4 a6 18. f4 Nxe4 19. Nxe4 Qxe4 20.
Ng3 Qc6 21. fxe5 Nxe5 22. Rf2 Nc4 23. Qc1 Nxe3 24. Qxe3 Rad8 25. Rxd8 Rxd8
26. Nf1 Bd4 27. Qf3 Qxf3 28. gxf3 Bxf3 29. Nd2 Bd5 30. Kf1 Bxf2 31. Kxf2
Bxa2 32. Nf3 Bb1 33. Ne1 Kg7 34. c3 Ba2 35. h4 h5 36. Nf3 Kf6 37. Ng5 a5
38. Ne4+ Ke5 39. Ng5 f6 40. Nf7+ Kf4 41. Nxd8 axb4 42. cxb4 g5 43. hxg5
fxg5 44. Nc6 g4 45. Nd4 Bc4 46. Nc2 h4 47. Kg2 h3+ 48. Kh2 b5 49. Ne1 Be6
50. Ng2+ hxg2 51. Kxg2 Bd5+ 52. Kf2 g3+ 53. Kg1 g2 54. Kf2 Ke4 55. Ke2 Kd4
56. Kf2 Kc4 57. Kg1 Kxb4 58. Kh2 g1=Q+ 59. Kxg1 Bg2 60. Kxg2 Kc3 61. Kf1 b4
62. Ke1 Kc2 63. Ke2 b3 64. Ke3 b2 65. Kd4 b1=Q 66. Ke5 Qb4 67. Kd5 Qc3 68.
Ke4 Qc5 69. Kf4 Qd5 70. Ke3 Kc3 71. Kf4 Qe6 72. Kf3 Kd3 73. Kf4 Kd4 74. Kf3
Qe5 75. Kg4 Qf6 76. Kg3 Qf5 77. Kg2 Qf4 78. Kh1 Ke3 79. Kg2 Ke2 80. Kh3 Qg5
81. Kh2 Kf2 82. Kh3 Qg3# { White checkmated } 0-1

[Event "ICC tourney 2532 (25 5)"]
[Site "Internet Chess Club"]
[Date "2021.04.25"]
[Round "6"]
[White "KOLAKALETI, SUSHEN:K12-15197630"]
[Black "MANIACI, MARCO:K12-16925452"]
[Result "1-0"]
[ICCResult "Black resigns"]
[WhiteElo "1676"]
[BlackElo "1051"]
[Opening "Queen's bishop game"]
[ECO "D02"]
[NIC "QP.08"]
[Time "13:01:34"]
[PlyCount "99"]
[TimeControl "1500+5"]

1. d4 d5 2. Nf3 Nf6 3. Bf4 c5 4. e3 Nc6 5. c3 Qb6 6. Qb3 c4 7. Qxb6 axb6 8.
Na3 Nh5 9. Bc7 e6 10. Nb5 Ra5 11. a4 Ra6 12. Be2 Be7 13. Bd6 Bxd6 14. Nxd6+
Ke7 15. Ne5 Nf6 16. Ndxf7 Rf8 17. Nxc6+ bxc6 18. Ne5 Bb7 19. Bd1 b5 20. Ke2
Rfa8 21. Bc2 bxa4 22. Ra3 g6 23. Rha1 Nd7 24. Nxd7 Kxd7 25. Rxa4 Rxa4 26.
Rxa4 Rc8 27. e4 c5 28. Ra7 Rc7 29. dxc5 Kc6 30. Ra5 Kd7 31. Ke3 Bc6 32. f3
Rb7 33. exd5 exd5 34. Ra2 Rb5 35. Kd4 Rb7 36. g3 Ke6 37. Ra6 Kd7 38. Ra2
Ke6 39. h4 Bb5 40. f4 Rc7 41. Ba4 Bxa4 42. Rxa4 Rb7 43. Ra6+ Kf5 44. Rb6
Re7 45. c6 Rc7 46. Kxd5 Kg4 47. Rb7 Rc8 48. Rxh7 Kxg3 49. Rg7 Kxf4 50. Rxg6
{ Black resigns } 1-0

[Event "ICC tourney 2532 (25 5)"]
[Site "Internet Chess Club"]
[Date "2021.04.25"]
[Round "6"]
[White "CHA, SAMUEL:K12-30048965"]
[Black "IYER, PRANAV:K12-15164384"]
[Result "0-1"]
[ICCResult "White resigns"]
[WhiteElo "1323"]
[BlackElo "1859"]
[Opening "Sicilian defense"]
[ECO "B30"]
[NIC "SI.31"]
[Time "13:01:40"]
[PlyCount "119"]
[TimeControl "1500+5"]

1. e4 c5 2. Nf3 Nc6 3. Nc3 g6 4. Bc4 Bg7 5. d3 Nf6 6. Rb1 O-O 7. O-O e6 8.
Bg5 h6 9. Bh4 g5 10. Bg3 d5 11. Bb3 d4 12. Ne2 Nh5 13. Qd2 Nxg3 14. Nxg3
Kh7 15. Rfe1 e5 16. Rf1 f5 17. exf5 Bxf5 18. Nxf5 Rxf5 19. Be6 Rf4 20. Qe2
Qf6 21. Bd5 Rf8 22. Be4+ Kh8 23. a3 b6 24. Nd2 Qe7 25. Bxc6 Qe6 26. Be4 g4
27. g3 R4f6 28. Bg2 h5 29. Ne4 Rh6 30. c4 h4 31. Nd2 Qf5 32. Be4 Qh5 33.
Rfe1 Rhf6 34. Rf1 Rh6 35. f3 hxg3 36. fxg4 gxh2+ 37. Kh1 Qh4 38. Rxf8+ Bxf8
39. Qf3 Rf6 40. Bf5 Bh6 41. Ne4 Rf8 42. Rf1 Bf4 43. Nf2 Kg7 44. Qh3 Rh8 45.
Qxh4 Rxh4 46. Ne4 Rh3 47. Nd6 Re3 48. Be4 Re2 49. b4 Ra2 50. bxc5 bxc5 51.
Nb5 a6 52. Nc7 Rxa3 53. Ne6+ Kh6 54. Nxf4 exf4 55. Kxh2 Kg5 56. Bf5 Ra2+
57. Kg1 a5 58. Bd7 a4 59. Re1 a3 60. Re2 { White resigns } 0-1

[Event "ICC tourney 2532 (25 5)"]
[Site "Internet Chess Club"]
[Date "2021.04.25"]
[Round "6"]
[White "CYRIL DAVIS, GEOFFREY:K12-14879788"]
[Black "ARMIN DONG, CONNOR:K12-14608563"]
[Result "1-0"]
[ICCResult "Black checkmated"]
[WhiteElo "2082"]
[BlackElo "1676"]
[Opening "French: Tarrasch, closed variation"]
[ECO "C05"]
[NIC "FR.16"]
[Time "13:01:57"]
[PlyCount "59"]
[TimeControl "1500+5"]

1. e4 e6 2. d4 d5 3. Nd2 Nf6 4. e5 Nfd7 5. Ngf3 c5 6. c3 Nc6 7. Bd3 Qb6 8.
O-O cxd4 9. cxd4 Nxd4 10. Nxd4 Qxd4 11. Nf3 Qb6 12. Qa4 Qb4 13. Qc2 g6 14.
Bd2 Qb6 15. Qa4 Bg7 16. Ba5 Qc5 17. Rac1 Qe7 18. Bb4 Qd8 19. Rc2 f5 20. Nd4
Kf7 21. Nxe6 Kxe6 22. Rc6+ Kf7 23. e6+ Kg8 24. Rd6 Be5 25. Rxd5 Qf6 26.
exd7 Bxd7 27. Rxd7 Rc8 28. Qb3+ Rc4 29. Bxc4+ Qe6 30. Bxe6# { Black
checkmated } 1-0

[Event "ICC tourney 2532 (25 5)"]
[Site "Internet Chess Club"]
[Date "2021.04.25"]
[Round "6"]
[White "FRIDLYAND FRIDLYAND, DANIEL:K12-14634753"]
[Black "ZHOU, LEONARDO:K12-30049875"]
[Result "1-0"]
[ICCResult "Black checkmated"]
[WhiteElo "1594"]
[BlackElo "847"]
[Opening "QGD: Semi-Tarrasch defense, Pillsbury variation"]
[ECO "D40"]
[NIC "TD.05"]
[Time "13:01:22"]
[PlyCount "89"]
[TimeControl "1500+5"]

1. d4 d5 2. Nf3 Nf6 3. c4 e6 4. Nc3 c5 5. Bg5 dxc4 6. e4 Be7 7. Bxc4 O-O 8.
dxc5 Qc7 9. e5 Rd8 10. Qe2 Nd5 11. Bxe7 Nxe7 12. Rd1 Nbc6 13. O-O Ng6 14.
Rxd8+ Qxd8 15. a3 a6 16. b4 Qc7 17. Rd1 h6 18. Rd6 Bd7 19. Na4 Ncxe5 20.
Nxe5 Bxa4 21. Nxg6 fxg6 22. Qxe6+ Kh8 23. Qxg6 Bb5 24. Qf7 Qxf7 25. Bxf7
Be8 26. Bd5 Rb8 27. f4 Bb5 28. Kf2 h5 29. Kg3 Kh7 30. f5 Re8 31. Be6 Bc6
32. Kh3 Ra8 33. Bf7 h4 34. Rd4 g5 35. Bd5 Rd8 36. Bxc6 Rxd4 37. Bxb7 Kh6
38. c6 Kh5 39. g4+ Rxg4 40. c7 Rg1 41. Bf3+ g4+ 42. Bxg4+ Rxg4 43. c8=Q Rf4
44. Qe8+ Kg5 45. Qg6# { Black checkmated } 1-0

[Event "ICC tourney 2532 (25 5)"]
[Site "Internet Chess Club"]
[Date "2021.04.25"]
[Round "6"]
[White "HUA, CHARLES:K12-14763433"]
[Black "R SOMASUNDARAM, ARUN:K12-16330722"]
[Result "1-0"]
[ICCResult "Black checkmated"]
[WhiteElo "2108"]
[BlackElo "1002"]
[Opening "Ruy Lopez: old Steinitz defense"]
[ECO "C62"]
[NIC "RL.02"]
[Time "13:01:42"]
[PlyCount "83"]
[TimeControl "1500+5"]

1. e4 e5 2. Nf3 Nc6 3. Bb5 d6 4. c3 Bd7 5. Ba4 Nf6 6. d3 h6 7. O-O Be7 8.
Nbd2 O-O 9. Re1 a6 10. Nf1 b5 11. Bb3 Be6 12. Bc2 b4 13. Ng3 bxc3 14. bxc3
Nh7 15. h3 Rb8 16. Nh2 d5 17. Qf3 d4 18. Ba4 Na5 19. Bd2 Rb2 20. Nhf1 Rxa2
21. Rxa2 Bxa2 22. c4 c5 23. Ra1 Bb3 24. Ra3 Bxa4 25. Rxa4 Nc6 26. Rxa6 Nb4
27. Ra1 Bg5 28. Nf5 Bxd2 29. Nxd2 Qg5 30. Nb3 g6 31. h4 Qh5 32. g4 gxf5 33.
gxh5 fxe4 34. dxe4 Kh8 35. Nxc5 Rd8 36. Nb7 Rd7 37. Ra8+ Kg7 38. Qg4+ Kf6
39. Qxd7 d3 40. Qf5+ Ke7 41. Qxe5+ Kd7 42. Qd6# { Black checkmated } 1-0

[Event "ICC tourney 2532 (25 5)"]
[Site "Internet Chess Club"]
[Date "2021.04.25"]
[Round "6"]
[White "JAIN, SAMYAK:K12-15756642"]
[Black "VELIDANDLA, SARVAGNA:K12-15123300"]
[Result "1-0"]
[ICCResult "Black forfeits on time"]
[WhiteElo "1358"]
[BlackElo "1802"]
[Opening "Caro-Kann defense"]
[ECO "B11"]
[NIC "CK.01"]
[Time "13:01:04"]
[PlyCount "87"]
[TimeControl "1500+5"]

1. e4 c6 2. Nc3 d5 3. exd5 cxd5 4. d4 Nc6 5. Nf3 Nf6 6. Be3 Bg4 7. Be2 e6
8. h3 Bf5 9. a3 Bd6 10. Nh4 Bg6 11. Bd3 a6 12. Nf3 Rc8 13. Ne2 Qb6 14. Rb1
Ne4 15. O-O h6 16. Nd2 f5 17. c3 O-O 18. Nxe4 fxe4 19. Bc2 Ne7 20. Ng3 Qc7
21. Ne2 Nf5 22. Qd2 Nh4 23. Qe1 Bh5 24. f4 exf3 25. Qxh4 fxe2 26. Rxf8+
Rxf8 27. Qxh5 Bh2+ 28. Kh1 Rf1+ 29. Bg1 Qb8 30. Qxe2 Bxg1 31. Qxe6+ Kh8 32.
g3 Rf2 33. Qg6 Kg8 34. Kxg1 Rf6 35. Qd3 Qc8 36. Kg2 g6 37. Rf1 Re6 38. Qf3
Qe8 39. Bd3 Rd6 40. Qf4 Re6 41. Rf2 Kg7 42. Qf3 Rd6 43. Qf4 Re6 44. c4 {
Black forfeits on time } 1-0